 Dungeon Crawl Stone Soup version 0.24.1-8-ga250c9d538 (webtiles) character file.

Game seed: 16214016296811310120, levelgen mode: deterministic

286 Peloso the Skirmisher (level 6, 39/48 HPs)
             Began as a Demonspawn Fighter on May 9, 2020.
             Got out of the dungeon alive.
             The game lasted 00:06:28 (3488 turns).

Peloso the Skirmisher (Demonspawn Fighter)          Turns: 3488, Time: 00:06:29

Health: 39/48      AC: 11    Str: 18    XL:     6   Next: 8%
Magic:  6/6        EV:  7    Int:  9    God:
Gold:   195        SH:  9    Dex: 13    Spells: 5/5 levels left

rFire    . . .     SeeInvis .   a - +1 long sword
rCold    + . .     Gourm    .   c - +0 shield
rNeg     + . .     Faith    .   b - +0 scale mail
rPois    .         Spirit   .   (helmet restricted)
rElec    .         Reflect  .   m - +0 cloak
rCorr    .         Harm     .   (no gloves)
MR       .....                  k - +2 pair of boots {run}
Stlth    +.........             (no amulet)
HPRegen  0.16/turn              i - ring of positive energy
MPRegen  0.10/turn              (no ring)

@: quick
A: horns 1, cold resistance 1, nightstalker 1
a: no special abilities


You escaped.
You were very hungry.

You visited 1 branch of the dungeon, and saw 4 of its levels.

You collected 195 gold pieces.

Inventory:

Hand Weapons
 a - a +1 long sword (weapon)
Armour
 b - a +0 scale mail (worn)
 c - a +0 shield (worn)
 k - a +2 pair of boots of running (worn)
 l - a +0 pair of boots of running
 m - a +0 cloak (worn)
Jewellery
 i - a ring of positive energy (left hand)
 u - an uncursed ring of stealth {unknown}
Wands
 w - a wand of flame (20)
Scrolls
 g - a scroll of amnesia {unknown}
 n - a scroll of remove curse
 o - a scroll of enchant armour {unknown}
 q - a scroll of blinking {unknown}
 r - a scroll of identify
 s - 2 scrolls of magic mapping
 t - 2 scrolls of fear {unknown}
Potions
 d - 2 potions of might
 e - a potion of degeneration {unknown}
 h - a potion of lignification {unknown}
 j - a potion of berserk rage
 p - a potion of experience {unknown}
 v - a potion of heal wounds {unknown}
Comestibles
 f - 10 rations


   Skills:
 + Level 4.1 Fighting
 + Level 3.6 Long Blades
 + Level 3.5 Armour
 + Level 1.3 Dodging
 + Level 3.6 Shields


You had 5 spell levels left.
You didn't know any spells.
Your spell library was empty.

Dungeon Overview and Level Annotations

Branches:
Dungeon (4/15)
 Temple: D:4-7

Altars:


Innate Abilities, Weirdness & Mutations

You have a pair of small horns on your head.
Your flesh is cold resistant. (rC+)
You are slightly more attuned to the shadows.


Message History

You feel sick.
You feel sick.
Found 14 gold pieces, a scroll of identify and a grey potion.
You feel sick.
There is a stone staircase leading up here.
You climb upwards.
There is a stone staircase leading down here.
You feel sick.
You feel sick.
You are no longer poisoned.
There is a stone staircase leading up here.
You climb upwards.
There is a stone staircase leading down here.
There is a stone staircase leading up here.
You climb upwards.
There is a stone staircase leading down here.
You see here 15 arrows.
There is a staircase leading out of the dungeon here.
Are you sure you want to leave the Dungeon?
This will make you lose the game!
You have escaped!

.........###.########
#.#.# ##
........#^..........#
#.#.#
###)###.##..........#
#.#.# ### # #.#
#.##..........#
#.#.###.## #
#.###.##....♣.....#
#.#.##...#
###............8....#
##.#.#.....
...#.##.###.........#
#..#.##...# ....###.#
#.........# #.#..###.##
##.## #.# #.....@...#
#.#.## #.# ##.## #.#
#.........# #.#.# #.#
#...###.# ######.####
#.#[# #.# ........#
####.######.#.# ##.#
#...#####
#.............###..#
.#.##
#.#########....##.## .#(#
##.#####.........(.# .#.#
####........###....#..#
.#.#
#...........###.#.##..###


There were no monsters in sight!

Vanquished Creatures
  A scorpion (D:4)
  A jelly (D:3)
  Jessica (D:3)
  Robin (D:3)
  4 gnolls (D:3)
  4 adders
  4 worms
  A dart slug (D:2)
  A leopard gecko (D:3)
  4 orcs (D:3)
  A ball python (D:3)
  7 bats
  3 giant cockroaches
  15 goblins
  10 hobgoblins
  2 quokkas (D:3)
  5 frilled lizards
  12 kobolds
  7 rats
84 creatures vanquished.

Notes
Turn   | Place    | Note
-------+----------+-------------------------------------------
     0 | D:1      | Peloso the Demonspawn Fighter began the quest for the Orb.
     0 | D:1      | Reached XP level 1. HP: 18/18 MP: 1/1
   213 | D:1      | Identified a +2 pair of boots of running (You found it on
                  | level 1 of the Dungeon)
   235 | D:1      | Gained mutation: You are slightly more attuned to the
                  | shadows. [demonic ancestry]
   235 | D:1      | Reached XP level 2. HP: 12/24 MP: 2/2
   781 | D:2      | Gained mutation: Your flesh is cold resistant. (rC+)
                  | [demonic ancestry]
   781 | D:2      | Reached XP level 3. HP: 23/29 MP: 3/3
  1728 | D:3      | Reached XP level 4. HP: 17/35 MP: 4/4
  2035 | D:3      | Reached skill level 1 in Dodging
  2035 | D:3      | Reached XP level 5. HP: 24/41 MP: 5/5
  2057 | D:3      | Identified a +0 pair of boots of running (You found it on
                  | level 3 of the Dungeon)
  2179 | D:3      | Noticed Robin
  2913 | D:3      | Noticed Jessica
  2942 | D:3      | Killed Jessica
  3161 | D:3      | Killed Robin
  3408 | D:4      | Reached skill level 4 in Fighting
  3408 | D:4      | Gained mutation: You have a pair of small horns on your
                  | head. [demonic ancestry]
  3408 | D:4      | Reached XP level 6. HP: 35/48 MP: 6/6
  3488 | D:$      | Got out of the dungeon alive.

Levels and vault maps discovered:
D:1:      wander_arrival_peaceful_grave, layout_loops_ring
D:2:      layout_loops_cross, minmay_misc_feat_five
D:3:      minmay_bubble_buster, layout_loops_cross, minmay_pentangle,
          uniq_jessica, uniq_robin
D:4:      minmay_polygon_palace, layout_basic, first_ration, st_stairs_14,
          kennysheep_windowed_goal

Skill      XL: |  1  2  3  4  5 |
---------------+----------------+-----
Long Blades    | 2 3 |  3.6
Armour         | 3 |  3.5
Shields        | 3 |  3.6
Dodging        | 1 |  1.3
Fighting       | 4 |  4.1

Action                   |  1- 3 |  4- 6 || total
-------------------------+-------+-------++-------
Melee: Long sword        |   142 |   156 ||   298
  Use: Scroll            |     2 |     4 ||     6
  Eat: Chunk             |     2 |     5 ||     7
Armor: Scale mail        |    63 |   107 ||   170
Dodge: Dodged            |    38 |    63 ||   101
Block: Shield            |    84 |   101 ||   185
       Rpst.: Long sword |    12 |    17 ||    29
